MLB
NEW YORK YANKEES @ BALTIMORE ORIOLES
08/05/2019
 
TOP OF THE 1ST
New York Yankees batting - Pitching for Baltimore Orioles : LHP J.A. Happ
Pitching: LHP J.A. Happ
Batting: LHB Charlie Blackmon 0-0: Swinging Strike
0-1: Foul Ball, location: 2F
0-2: Ball
1-2: Ball
2-2: Foul Ball, location: 2F
2-2: Foul Ball, location: 2F
2-2: Foul Ball, location: 2F
2-2: Strikes out swinging
Batting: RHB Garrett Hampson 0-0: Foul Ball, location: 2F
0-1: Called Strike
0-2: Ball
1-2: Ball
2-2: Strikes out swinging
Batting: LHB Willie Calhoun 0-0: Ball
1-0: Foul Ball, location: 2F
1-1: Ball
2-1: Ground out 1-3 (Groundball, 23, EV 65.0 MPH)
Top of the 1st over - 0 runs, 0 hits, 0 errors, 0 left on base; New York 0 - Baltimore 0
BOTTOM OF THE 1ST
Baltimore Orioles batting - Pitching for New York Yankees : LHP Ryan Yarbrough
Pitching: LHP Ryan Yarbrough
Batting: RHB Andrew McCutchen 0-0: DOUBLE (Line Drive, 89D, EV 108.8 MPH)
Batting: RHB Albert Almora 0-0: Ball
1-0: Ball
2-0: Called Strike
2-1: Swinging Strike
2-2: Ground out 4-3 (Groundball, 4, EV 108.8 MPH)
Andrew McCutchen to third
Batting: LHB Joey Votto 0-0: Called Strike
0-1: Foul Ball, location: 2F
0-2: Strikes out looking
Batting: LHB Shohei Ohtani 0-0: Called Strike
0-1: Ball
1-1: Ball
2-1: Fly out, F8 (Flyball, 8RM, EV 88.8 MPH)
Bottom of the 1st over - 0 runs, 1 hit, 0 errors, 1 left on base; New York 0 - Baltimore 0
TOP OF THE 2ND
New York Yankees batting - Pitching for Baltimore Orioles : LHP J.A. Happ
Batting: RHB Anthony Rendon 0-0: Called Strike
0-1: Fly out, F9 (Line Drive, 9, EV 91.3 MPH)
Batting: RHB Paul Goldschmidt 0-0: Swinging Strike
0-1: Ball
1-1: Foul Ball, location: 2F
1-2: SOLO HOME RUN (Flyball, 7D, EV 92.5 MPH), Distance : 372 ft
Batting: RHB Ryan Braun 0-0: Ball
1-0: Ball
2-0: Called Strike
2-1: Ground out 5-3 (Groundball, 56, EV 96.3 MPH)
Batting: RHB Eloy Jimenez 0-0: Ball
1-0: Ball
2-0: Ball
3-0: Called Strike
3-1: Base on Balls
Batting: RHB James McCann 0-0: Called Strike
0-1: Called Strike
0-2: Ball
1-2: Strikes out swinging
Top of the 2nd over - 1 run, 1 hit, 0 errors, 1 left on base; New York 1 - Baltimore 0
BOTTOM OF THE 2ND
Baltimore Orioles batting - Pitching for New York Yankees : LHP Ryan Yarbrough
Batting: SHB Asdrubal Cabrera 0-0: Ball
1-0: Swinging Strike
1-1: Fly out, F7 (Flyball, 7D, EV 96.3 MPH)
Batting: LHB Daniel Murphy 0-0: Fly out, F8 (Line Drive, 8LM, EV 105.0 MPH)
Batting: LHB Nomar Mazara 0-0: SOLO HOME RUN (Flyball, 9LD, EV 103.1 MPH), Distance : 339 ft
Batting: RHB Maikel Franco 0-0: Ball
1-0: Fly out, F6 (Popup, P, EV 75.0 MPH)
Bottom of the 2nd over - 1 run, 1 hit, 0 errors, 0 left on base; New York 1 - Baltimore 1
TOP OF THE 3RD
New York Yankees batting - Pitching for Baltimore Orioles : LHP J.A. Happ
Batting: LHB Brandon Crawford 0-0: Ball
1-0: Foul Ball, location: 2F
1-1: Foul Ball, location: 2F
1-2: Ball
2-2: Foul Ball, location: 2F
2-2: Ground out U3 (Groundball, 3, EV 100.0 MPH)
Batting: LHB Charlie Blackmon 0-0: Foul Ball, location: 2F
0-1: Ball
1-1: Swinging Strike
1-2: Strikes out looking
Batting: RHB Garrett Hampson 0-0: Bunt for hit to 5S - play at first, batter safe!
Batting: LHB Willie Calhoun 0-0: SINGLE (Flyball, 9LS, EV 97.5 MPH)
Garrett Hampson to second
Runner from 2nd tries for 3rd, SAFE, throw by RF made to third
Batting: RHB Anthony Rendon 0-0: Called Strike
0-1: Ball
1-1: Ball
2-1: Fly out, F3 (Popup, 3L, EV 70.6 MPH)
Top of the 3rd over - 0 runs, 2 hits, 0 errors, 2 left on base; New York 1 - Baltimore 1
BOTTOM OF THE 3RD
Baltimore Orioles batting - Pitching for New York Yankees : LHP Ryan Yarbrough
Batting: RHB Rene Rivera 0-0: Called Strike
0-1: Swinging Strike
0-2: Strikes out looking
Batting: RHB Andrew McCutchen 0-0: Swinging Strike
0-1: Ball
1-1: Ball
2-1: Swinging Strike
2-2: Fly out, F8 (Flyball, 8LD, EV 88.8 MPH)
Batting: RHB Albert Almora 0-0: Called Strike
0-1: Fly out, F3 (Popup, 3SF, EV 76.3 MPH)
Bottom of the 3rd over - 0 runs, 0 hits, 0 errors, 0 left on base; New York 1 - Baltimore 1
TOP OF THE 4TH
New York Yankees batting - Pitching for Baltimore Orioles : LHP J.A. Happ
Batting: RHB Paul Goldschmidt 0-0: Ball
1-0: Ball
2-0: Called Strike
2-1: SINGLE (Groundball, 6, EV 87.5 MPH) (infield hit)
Batting: RHB Ryan Braun 0-0: Ball
1-0: Foul Ball, location: 2F
1-1: Ball
2-1: SINGLE (Line Drive, 4MD, EV 95.0 MPH)
Paul Goldschmidt to second
Runner from 2nd tries for 3rd, SAFE, throw by CF made to third
Batting: RHB Eloy Jimenez 0-0: Ball
1-0: Ball
2-0: Ball
3-0: Called Strike
3-1: Base on Balls
Ryan Braun to second
Batting: RHB James McCann 0-0: Ball
1-0: Called Strike
1-1: Ball
2-1: Called Strike
2-2: Strikes out swinging
Batting: LHB Brandon Crawford 0-0: Called Strike
0-1: SINGLE (Line Drive, 56D, EV 98.8 MPH)
Paul Goldschmidt scores
Ryan Braun to third
Eloy Jimenez to second
Runner from 3rd tries for Home, SAFE, no throw by LF
Batting: LHB Charlie Blackmon 0-0: Swinging Strike
0-1: Fielders Choice at 2nd, 3-6 (Groundball, 3, EV 78.1 MPH)
Eloy Jimenez to third
Batting: RHB Garrett Hampson 0-0: Fielders Choice at 2nd, 6-4 (Groundball, 6, EV 87.5 MPH)
Top of the 4th over - 2 runs, 3 hits, 0 errors, 2 left on base; New York 3 - Baltimore 1
BOTTOM OF THE 4TH
Baltimore Orioles batting - Pitching for New York Yankees : LHP Ryan Yarbrough
Batting: LHB Joey Votto 0-0: Ball
1-0: Ball
2-0: Ball
3-0: Base on Balls
Batting: LHB Shohei Ohtani 0-0: Ball
1-0: SINGLE (Line Drive, 89M, EV 101.3 MPH)
Joey Votto to second
Batting: SHB Asdrubal Cabrera 0-0: Ball
1-0: Swinging Strike
1-1: Ball
2-1: Called Strike
2-2: Fielders Choice at 2nd, 1-6 (Groundball, 13, EV 84.4 MPH)
Joey Votto to third
Batting: LHB Daniel Murphy 0-0: Called Strike
0-1: Called Strike
0-2: Foul Ball, location: 2F
0-2: Strikes out swinging
Batting: LHB Nomar Mazara 0-0: Ball
1-0: Fly out, F8 (Flyball, 8LS, EV 95.6 MPH)
Bottom of the 4th over - 0 runs, 1 hit, 0 errors, 2 left on base; New York 3 - Baltimore 1
TOP OF THE 5TH
New York Yankees batting - Pitching for Baltimore Orioles : LHP J.A. Happ
Batting: LHB Willie Calhoun 0-0: Ball
1-0: Foul Ball, location: 2F
1-1: Foul Ball, location: 2F
1-2: Ball
2-2: Ground out 4-3 (Groundball, 4, EV 81.3 MPH)
Batting: RHB Anthony Rendon 0-0: Ball
1-0: Foul Ball, location: 2F
1-1: Fly out, F7 (Flyball, 7LMF, EV 80.0 MPH)
Batting: RHB Paul Goldschmidt 0-0: Foul Ball, location: 2F
0-1: Ball
1-1: Foul Ball, location: 2F
1-2: Strikes out swinging
Top of the 5th over - 0 runs, 0 hits, 0 errors, 0 left on base; New York 3 - Baltimore 1
BOTTOM OF THE 5TH
Baltimore Orioles batting - Pitching for New York Yankees : LHP Ryan Yarbrough
Batting: RHB Maikel Franco 0-0: Called Strike
0-1: Called Strike
0-2: Ball
1-2: Ground out 6-3 (Groundball, 6, EV 81.9 MPH)
Batting: RHB Rene Rivera 0-0: SINGLE (Groundball, 6MD, EV 100.0 MPH)
Batting: RHB Andrew McCutchen 0-0: Called Strike
0-1: Ball
1-1: Fly out, F9 (Flyball, 9LS, EV 95.0 MPH)
Batting: RHB Albert Almora 0-0: Ball
1-0: Fielders Choice at 2nd, 6-4 (Groundball, 6, EV 83.8 MPH)
Bottom of the 5th over - 0 runs, 1 hit, 0 errors, 1 left on base; New York 3 - Baltimore 1
TOP OF THE 6TH
New York Yankees batting - Pitching for Baltimore Orioles : LHP J.A. Happ
Pitching: RHP Brandon Morrow
Batting: RHB Ryan Braun 0-0: Foul Ball, location: 2F
0-1: Fly out, F5 (Line Drive, 5, EV 73.8 MPH)
Batting: RHB Eloy Jimenez 0-0: Called Strike
0-1: Foul Ball, location: 2F
0-2: Strikes out swinging
Batting: RHB James McCann 0-0: Ball
1-0: Ball
2-0: Ball
3-0: Base on Balls
Batting: LHB Brandon Crawford 0-0: Foul Ball, location: 2F
0-1: Called Strike
0-2: Strikes out looking
Top of the 6th over - 0 runs, 0 hits, 0 errors, 1 left on base; New York 3 - Baltimore 1
BOTTOM OF THE 6TH
Baltimore Orioles batting - Pitching for New York Yankees : LHP Ryan Yarbrough
Batting: LHB Joey Votto 0-0: Called Strike
0-1: Foul Ball, location: 2F
0-2: Fly out, F3 (Popup, 23F, EV 78.8 MPH)
Batting: LHB Shohei Ohtani 0-0: Ball
1-0: Foul Ball, location: 2F
1-1: Ball
2-1: Foul Ball, location: 2F
2-2: Ball
3-2: Base on Balls
Batting: SHB Asdrubal Cabrera 0-0: Called Strike
0-1: Grounds into double play, 4-6-3 (Groundball, 4, EV 79.4 MPH)
Bottom of the 6th over - 0 runs, 0 hits, 0 errors, 0 left on base; New York 3 - Baltimore 1
TOP OF THE 7TH
New York Yankees batting - Pitching for Baltimore Orioles : RHP Brandon Morrow
Pitching: RHP James Norwood
Batting: LHB Charlie Blackmon 0-0: Ball
1-0: Ball
2-0: Ball
3-0: Called Strike
3-1: Base on Balls
Batting: RHB Garrett Hampson 0-0: Ball
1-0: Called Strike
1-1: Bunted foul
1-2: Ball
2-2: Ball
3-2: Foul Ball, location: 2F
3-2: Foul Ball, location: 2F
3-2: Base on Balls
Charlie Blackmon to second
Pitching: RHP R.J. Alaniz
Batting: LHB Willie Calhoun 0-0: Fly out, F2 (Popup, 2LF, EV 90.6 MPH)
Batting: RHB Anthony Rendon 0-0: Ball
1-0: Called Strike
1-1: Called Strike
1-2: Ball
2-2: Ball
3-2: Base on Balls
Charlie Blackmon to third
Garrett Hampson to second
Batting: RHB Paul Goldschmidt 0-0: Ball
1-0: Ball
2-0: Ball
3-0: Base on Balls
Charlie Blackmon scores
Garrett Hampson to third
Anthony Rendon to second
Batting: RHB Ryan Braun 0-0: Called Strike
0-1: Ball
1-1: Fly out, F8 (Flyball, 8RD, EV 96.9 MPH)
Runner from 3rd tags up, SCORES, no throw by CF
Batting: RHB Eloy Jimenez 0-0: Ball
1-0: Foul Ball, location: 2F
1-1: Ball
2-1: Foul Ball, location: 2F
2-2: Strikes out looking
Top of the 7th over - 2 runs, 0 hits, 0 errors, 2 left on base; New York 5 - Baltimore 1
BOTTOM OF THE 7TH
Baltimore Orioles batting - Pitching for New York Yankees : LHP Ryan Yarbrough
Batting: LHB Daniel Murphy 0-0: Called Strike
0-1: Fly out, F6 (Flyball, 5D, EV 93.1 MPH)
Batting: LHB Nomar Mazara 0-0: Ball
1-0: Foul Ball, location: 2F
1-1: Called Strike
1-2: Ball
2-2: Foul Ball, location: 2F
2-2: DOUBLE (Groundball, 3L, EV 95.6 MPH)
Batting: RHB Maikel Franco 0-0: Fly out, F5 (Popup, 5L, EV 62.5 MPH)
Batting: RHB Rene Rivera 0-0: Ball
1-0: Called Strike
1-1: Ball
Wild Pitch!
Nomar Mazara to third
2-1: Ball
3-1: Called Strike
3-2: Strikes out swinging
Bottom of the 7th over - 0 runs, 1 hit, 0 errors, 1 left on base; New York 5 - Baltimore 1
TOP OF THE 8TH
New York Yankees batting - Pitching for Baltimore Orioles : RHP R.J. Alaniz
Pitching: RHP Carlos Estevez
Batting: RHB James McCann 0-0: Ball
1-0: Fly out, F4 (Popup, 4S, EV 83.1 MPH)
Batting: LHB Brandon Crawford 0-0: Ball
1-0: Ball
2-0: Ground out 4-3 (Groundball, 4S, EV 73.8 MPH)
Batting: LHB Charlie Blackmon 0-0: Called Strike
0-1: Hit by Pitch
Batting: RHB Garrett Hampson 0-0: Foul Ball, location: 2F
Pickoff Throw to First - Error! E1
Charlie Blackmon to second
0-1: Ball
1-1: Ball
2-1: Swinging Strike
2-2: Foul Ball, location: 2F
2-2: Ground out 1-3 (Groundball, 13, EV 87.5 MPH)
Top of the 8th over - 0 runs, 0 hits, 1 error, 1 left on base; New York 5 - Baltimore 1
BOTTOM OF THE 8TH
Baltimore Orioles batting - Pitching for New York Yankees : LHP Ryan Yarbrough
Pitching: RHP Shane Greene
Batting: RHB Andrew McCutchen 0-0: Called Strike
0-1: Fly out, F8 (Flyball, 8RD, EV 96.3 MPH)
Batting: RHB Albert Almora 0-0: Ball
1-0: Ball
2-0: SINGLE (Line Drive, 89M, EV 102.5 MPH)
Batting: LHB Joey Votto 0-0: Ball
1-0: Ball
2-0: Called Strike
2-1: Ball
3-1: Foul Ball, location: 2F
3-2: Foul Ball, location: 2F
3-2: DOUBLE (Groundball, 5L, EV 105.0 MPH)
Albert Almora to third
Batting: LHB Shohei Ohtani 0-0: Ground out 4-3 (Groundball, 4MS, EV 76.3 MPH)
Albert Almora scores
Joey Votto to third
Batting: SHB Asdrubal Cabrera 0-0: Swinging Strike
0-1: Called Strike
0-2: Ground out U3 (Groundball, 3, EV 103.8 MPH)
Bottom of the 8th over - 1 run, 2 hits, 0 errors, 1 left on base; New York 5 - Baltimore 2
TOP OF THE 9TH
New York Yankees batting - Pitching for Baltimore Orioles : RHP Carlos Estevez
Pitching: RHP Joe Jimenez
Batting: LHB Willie Calhoun 0-0: Called Strike
0-1: Ground out 4-3 (Groundball, 4, EV 78.8 MPH)
Batting: RHB Anthony Rendon 0-0: Called Strike
0-1: Ball
1-1: Swinging Strike
1-2: Strikes out looking
Batting: RHB Paul Goldschmidt 0-0: Called Strike
0-1: Foul Ball, location: 2F
0-2: Ball
1-2: DOUBLE (Line Drive, 3D, EV 95.6 MPH)
Batting: RHB Ryan Braun 0-0: Ground out U3 (Groundball, 34, EV 103.8 MPH)
Top of the 9th over - 0 runs, 1 hit, 0 errors, 1 left on base; New York 5 - Baltimore 2
BOTTOM OF THE 9TH
Baltimore Orioles batting - Pitching for New York Yankees : RHP Shane Greene
Pitching: LHP Felipe Vazquez
Batting: LHB Daniel Murphy 0-0: Foul Ball, location: 2F
0-1: Fly out, F4 (Line Drive, 4, EV 70.6 MPH)
Batting: LHB Nomar Mazara 0-0: Ball
1-0: Ball
2-0: Ball
3-0: Called Strike
3-1: Called Strike
3-2: Strikes out looking
Batting: RHB Maikel Franco 0-0: Called Strike
0-1: Swinging Strike
0-2: Ground out 6-3 (Groundball, 6, EV 95.6 MPH)
Bottom of the 9th over - 0 runs, 0 hits, 0 errors, 0 left on base; New York 5 - Baltimore 2
Friday, November 8th, 2019 - OOTP Baseball 20.6 Build 55